 Dungeon Crawl Stone Soup version 0.21-a0-414-gba8bdf1 (webtiles) character file.

1008 karf the Shield-Bearer (level 8, -5/63 HPs)
             Began as a Formicid Fighter on Nov 2, 2017.
             Was an Initiate of Dithmenos.
             Slain by an orc warrior
             ... wielding a +0 trident
              (17 damage)
             ... on level 6 of the Dungeon.
             The game lasted 00:17:04 (4382 turns).

karf the Shield-Bearer (Formicid Fighter)           Turns: 4382, Time: 00:17:05

Health: -5/63      AC: 11    Str: 23    XL:     8   Next: 44%
Magic:  8/8        EV:  3    Int:  7    God:    Dithmenos [......]
Gold:   202        SH:  8    Dex: 13    Spells: 7/7 levels left

rFire    . . .     SeeInvis +   a - +0 quarterstaff
rCold    . . .     Gourm    .   c - +0 shield
rNeg     . . .     Faith    .   v - +0 plate armour
rPois    +         Spirit   .   (helmet unavailable)
rElec    .         Reflect  .   (no cloak)
rCorr    .         Harm     .   n - +0 pair of gloves
MR       .....                  (no boots)
Stlth    ..........             (no amulet)
HPRegen  0.20/turn              i - ring of poison resistance
MPRegen  0.11/turn              z - +2 ring of dexterity

@: extremely drained
A: permanent stasis, dig shafts and tunnels, four strong arms, antennae 3
a: Dig, Shaft Self, Renounce Religion


You were on level 6 of the Dungeon.
You worshipped Dithmenos.
Dithmenos was noncommittal.
You were hungry.

You visited 2 branches of the dungeon, and saw 7 of its levels.

You collected 202 gold pieces.

Inventory:

Hand Weapons
 a - a +0 quarterstaff (weapon)
Armour
 c - a +0 shield (worn)
 n - a +0 pair of gloves (worn)
 v - a +0 plate armour (worn)
Jewellery
 i - a ring of poison resistance (left hand)
 z - a +2 ring of dexterity (right hand)
 B - an uncursed ring of see invisible {unknown}
Wands
 y - a wand of lightning (5/15)
Scrolls
 e - 2 scrolls of enchant weapon {unknown}
 g - 3 scrolls of remove curse
 h - 3 scrolls of fog
 q - 2 scrolls of random uselessness {unknown}
 r - a scroll of blinking {unknown}
 s - a scroll of amnesia {unknown}
 w - 4 scrolls of magic mapping
 A - a scroll of recharging {unknown}
 C - a scroll of enchant armour {unknown}
Potions
 k - a potion of curing
 l - 2 potions of magic
 p - a potion of haste
 t - a potion of flight {unknown}
 u - a potion of ambrosia
Books
 m - a book of Minor Magic

   Spells                             Type                      Level
   a - Magic Dart                     Conjuration                  1
   b - Blink                          Translocation                2
   c - Call Imp                       Summoning                    2
   d - Slow                           Hexes                        2
   e - Conjure Flame                  Conjuration/Fire             3
   f - Mephitic Cloud                 Conjuration/Poison/Air       3
Comestibles
 d - 2 royal jellies
 f - 6 bread rations
 j - 8 fruits
 o - a meat ration


   Skills:
 + Level 5.5(0.0) Fighting
 * Level 6.1(0.0) Staves
 - Level 3.2(0.0) Armour
 * Level 7.9(0.9) Shields


You had 7 spell levels left.
You didn't know any spells.

Dungeon Overview and Level Annotations

Branches:
Dungeon (6/15)             Temple (1/1) D:4

Altars:
Ashenzari
Cheibriados
Dithmenos
Elyvilon
Fedhas
Gozag
Hepliaklqana
Kikubaaqudgha
Makhleb
Nemelex Xobeh
Okawaru
Qazlal
Ru
Sif Muna
Trog
Uskayaw
Vehumet
Wu Jian
Xom
Yredelemnul
Zin
The Shining One

Annotations:
D:5 darxusza's ghost, novice GnSk


Innate Abilities, Weirdness & Mutations

You cannot be hasted, slowed, berserked, paralysed or teleported.
You can dig through walls and to a lower floor.
Your four strong arms can wield two-handed weapons with a shield.
You have a pair of large antennae on your head. (SInv)


Message History

The orc warrior hits you with a trident!
You hit the orc warrior.
The orc warrior is heavily wounded.
The orc warrior barely misses you.
You closely miss the orc warrior.
The orc warrior is heavily wounded.
The orc warrior hits you with a trident!
You are too injured to fight recklessly!
You are too injured to fight recklessly!
Your shield and plate armour prevent you from hitting the orc warrior.
The orc warrior is heavily wounded.
The orc warrior hits you with a trident!!
* * * LOW HITPOINT WARNING * * *
You closely miss the orc warrior.
The orc warrior is heavily wounded.
You block the orc warrior's attack. x2
You closely miss the orc warrior.
The orc warrior is heavily wounded.
The orc warrior hits you with a trident!
You die...

### ##.#.# # ... ...#.#
#. ### ####.# # #.##.
...#.. .....# #. #...#
$.....###..#.# #. #....
..≈.≈...?....# #.#)...
#.._.........# #.....
.....##.#(#..# ##...#
.......@#.#..#######.#.#
##..(#o..............#.#
#.# #.##.#..###.#.#.#.#
.? ... #....###..#..#.#
###. #........##.#..#
... #.....##.(#..#.#
#.###....##.#.#.#.#
#..................
#.##...............


You could see an orc warrior.

Vanquished Creatures
  Grinder (D:5)
  Eustachio (D:4)
  Duvessa (D:4)
  Dowan (D:4)
  A howler monkey (D:6)
  2 crimson imps (D:4)
  A bullfrog zombie (D:5)
  A centaur zombie (D:5)
  A bullfrog skeleton (D:5)
  A centaur skeleton (D:4)
  An iguana (D:4)
  3 worker ants
  A hound skeleton (D:4)
  4 gnolls (D:4)
  6 adders
  An ooze (D:1)
  An adder skeleton (D:4)
  2 worms (D:2)
  2 dart slugs
  4 leopard geckos
  6 orcs
  A ball python (D:2)
  5 giant cockroaches
  6 hobgoblins
  6 jackals
  3 quokkas
  5 bats
  6 frilled lizards
  2 goblins
  5 kobolds
  A quokka skeleton (D:5)
  4 rats
86 creatures vanquished.

Notes
Turn   | Place    | Note
-------+----------+-------------------------------------------
     0 | D:1      | karf the Formicid Fighter began the quest for the Orb.
     0 | D:1      | Reached XP level 1. HP: 18/18 MP: 1/1
    83 | D:1      | Reached XP level 2. HP: 24/24 MP: 2/2
   133 | D:1      | Reached skill level 4 in Shields
   303 | D:1      | Reached XP level 3. HP: 29/29 MP: 3/3
   984 | D:3      | Reached XP level 4. HP: 32/37 MP: 4/4
  1457 | D:4      | Reached skill level 5 in Shields
  1457 | D:4      | Reached XP level 5. HP: 37/42 MP: 5/5
  1471 | D:4      | Noticed Duvessa
  1472 | D:4      | Noticed Dowan
  1486 | D:4      | Killed Duvessa
  1486 | D:4      | Reached XP level 6. HP: 30/48 MP: 6/6
  1488 | D:4      | Killed Dowan
  1497 | D:4      | Found a staircase to the Ecumenical Temple.
  1507 | D:4      | Reached skill level 6 in Shields
  1531 | Temple   | Entered the Ecumenical Temple
  1545 | Temple   | HP: 2/49 [poisoned by a gnoll]
  1553 | Temple   | HP: 2/49 [poisoned by a gnoll]
  1561 | Temple   | HP: 1/49 [poisoned by a gnoll]
  2254 | Temple   | Became a worshipper of Dithmenos the Shadowed
  2575 | D:4      | Reached XP level 7. HP: 54/55 MP: 7/7
  3038 | D:4      | Noticed Eustachio
  3107 | D:4      | Killed Eustachio
  3107 | D:4      | Reached skill level 5 in Staves
  3364 | D:5      | Entered Level 5 of the Dungeon
  3394 | D:5      | Noticed darxusza's ghost (novice GnSk)
  3494 | D:5      | Reached skill level 5 in Fighting
  3499 | D:5      | Noticed Grinder
  3647 | D:5      | Killed Grinder
  3647 | D:5      | Reached skill level 7 in Shields
  3647 | D:5      | Reached XP level 8. HP: 51/62 MP: 8/8
  3820 | D:5      | Found a hide-covered altar of Uskayaw.
  3823 | D:5      | Noticed a dagger
  3823 | D:5      | Noticed a dagger
  4371 | D:6      | Found a sacrificial altar of Ru.
  4382 | D:6      | Slain by an orc warrior

Vault maps used:
D:1:      erik_arrival_blinker_ship, minmay_misc_feat_square
D:2:      first_bread
D:3:      eino_tiny_chamber
D:4:      minmay_temple_entry_large_hall, minmay_misc_feat_room,
          serial_bayou_pond_b, due_unseen_surprise, uniq_duvessa, uniq_eustachio
D:5:      dancing_weapons_uskayaw, grunt_tough_drop, uniq_grinder,
          uniq_crazy_yiuf_cottage
D:6:      serial_shops, shop, hangedman_feature_mirror,
          grunt_ashenzari_visionary, uniq_pikel
Temple:   compressed_dpeg_triangle_lava_temple

Skill      XL: |  1  2  3  4  5  6  7  8 |
---------------+-------------------------+-----
Shields        | 4 5 6 7 |  7.9
Staves         | 3 4 5 6 |  6.1
Fighting       | 4 5 |  5.5
Armour         | |  3.2

Action                   |  1- 3 |  4- 6 |  7- 9 || total
-------------------------+-------+-------+-------++-------
Melee: Quarterstaff      |   104 |   104 |   232 ||   440
 Abil: Dig               |       |       |     3 ||     3
  Use: Scroll            |       |     5 |     5 ||    10
       Potion            |       |     3 |     2 ||     5
  Eat: Chunk             |       |     2 |     4 ||     6
       Meat ration       |       |     1 |       ||     1
Armor: Scale mail        |    40 |    32 |    11 ||    83
       Plate armour      |       |       |   106 ||   106
Dodge: Dodged            |    37 |    32 |    46 ||   115
Block: Shield            |    56 |    45 |   124 ||   225

Table legend:
 A = Spawn XP
 B = Non-spawn XP
 C = Spawn XP percentage of total XP
 D = Spawn monster count
 E = Non-spawn monster count
 F = Spawn count percentage of total count
 G = Total turns spent on level
                    A         B        C        D         E        F      G
               +---------+---------+-------+---------+---------+-------+---------
         Total |       0 |    1441 |   0.0 |       0 |      86 |   0.0 |  4382
               +---------+---------+-------+---------+---------+-------+---------
           D:1 |       0 |      29 |   0.0 |       0 |      13 |   0.0 |   356
           D:2 |       0 |      32 |   0.0 |       0 |      18 |   0.0 |   552
           D:3 |       0 |      61 |   0.0 |       0 |      17 |   0.0 |   507
           D:4 |       0 |     762 |   0.0 |       0 |      24 |   0.0 |  1563
           D:5 |       0 |     502 |   0.0 |       0 |      13 |   0.0 |   590
           D:6 |       0 |      55 |   0.0 |       0 |       1 |   0.0 |    80
               +---------+---------+-------+---------+---------+-------+---------
